 Dungeon Crawl Stone Soup version 0.31-a0-187-gba352fbbf7 (webtiles) character file.

Game seed: 5184550582747410472

217 qw the Skirmisher (level 5, -2/29 HPs)
             Began as a Deep Elf Hunter on June 22, 2023.
             Slain by a hound (3 damage)
             ... on level 4 of the Dungeon.
             The game lasted 00:00:57 (2221 turns).

qw the Skirmisher (Deep Elf Hunter)                 Turns: 2221, Time: 00:00:57

Health: -2/29      AC:  7    Str: 10    XL:     5   Next: 61%
Magic:  7/7        EV: 11    Int: 14    God:
Gold:   159        SH:  0    Dex: 18    Spells: 4/4 levels left

rFire   . . .        Y - +0 shortbow
rCold   . . .        (shield currently unavailable)
rNeg    . . .        i - +0 ring mail
rPois   .            d - +1 hat
rElec   .            e - +0 cloak
rCorr   .            (no gloves)
SInv    .            (no boots)
Will    .....        (no amulet)
Stlth   +            (no ring)
HPRegen 0.24/turn    (no ring)
MPRegen 0.10/turn

%: no passive effects
@: about to teleport, weakened
A: no striking features
a: no special abilities


You were on level 4 of the Dungeon.
You visited 1 branch of the dungeon, and saw 4 of its levels.

You collected 159 gold pieces.


   Skills:
 + Level 1.5 Fighting
 - Level 9.2 Ranged Weapons
 - Level 2.4 Dodging
 - Level 1.2 Stealth


You had 4 spell levels left.
You didn't know any spells.
Your spell library was empty.

Inventory:

Hand Weapons
 Y - a +0 shortbow (weapon)
Armour
 d - a +1 hat (worn)
 e - a +0 cloak (worn)
 i - a +0 ring mail (worn)
Scrolls
 b - 2 scrolls of identify
 c - a scroll of torment {unknown}
Potions
 f - a potion of heal wounds {unknown}
 g - a potion of curing
 h - a potion of magic {unknown}
 j - a potion of degeneration {unknown}
 k - a potion of cancellation {unknown}
 m - a potion of mutation {unknown}

Dungeon Overview and Level Annotations

Branches:
Dungeon (4/15)
 Temple: D:4-7

Altars:
Cheibriados

Annotations:
D:3 1 runed translucent door, qw's ghost, amateur NaHu


Message History

You shoot an arrow.
The arrow hits the gnoll bouda but does no damage.
A giant cockroach comes into view.
The gnoll barely misses you.
The gnoll bouda hits you with a +0 whip.
You shoot an arrow. The arrow hits the gnoll bouda.
The gnoll bouda is lightly wounded.
The gnoll hits you from afar with a +0 spear.
The hound bites you but does no damage.
2216 ||| Stepping ~*~*~tactically~*~*~ (outnumbered).
The gnoll bouda hits you but does no damage.
You shoot an arrow. The arrow hits the gnoll bouda.
The gnoll bouda is moderately wounded.
The hound barely misses you. The gnoll closely misses you.
The gnoll bouda barks out a call to the hunt!
The gnolls pick up the pace!
The hound closely misses you.
You shoot an arrow. The arrow hits the gnoll bouda!
The gnoll bouda is severely wounded.
The hound misses you. The gnoll completely misses you.
The gnoll hits you from afar with a +0 spear.
The gnoll bouda gazes fiercely through you!
You feel your attacks grow feeble.
The gnoll bouda hits you but does no damage.
The hound bites you but does no damage.
You shoot an arrow. The arrow hits the gnoll bouda!
You kill the gnoll bouda!
The gnoll hits you from afar with a +0 halberd.
The gnoll hits you from afar with a +0 spear.
The hound barely misses you. The gnoll misses you.
The gnoll hits you from afar with a +0 spear.
Your Ranged Weapons skill increases to level 9!
2220 ||| READING scroll of teleportation.
As you read the scroll of teleportation, it crumbles to dust.
You feel strangely unstable. The hound closely misses you. The hound bites you.
The gnoll barely misses you. x2
You shoot an arrow. The arrow misses the hound.
The arrow hits the gnoll.
The gnoll is severely wounded.
The hound bites you.
You die...

..........##.##
.............#....
...............8..
...........##....# .
.#....##...##.8..# ..
##...............+ B##
##......##....8..# ....
........#........##
.g...
...#.#.....#...8@)#...#
.....#...........hgg..#
.....#.....#....##g...#
.......##.##....###..##
.....#.##..#.#...# ....
.#...#..#....#..##
.....
.##..#..##...#....
#.#.. . ........##.....
## 7 ..
#..............#


You could see a hound and 3 gnolls.

Vanquished Creatures
  A jelly (D:3)
  A hound (D:4)
  A gnoll bouda (D:4)
  An iguana (D:4)
  A gnoll (D:3)
  2 adders (D:2)
  A worm (D:2)
  2 orcs (D:3)
  7 endoplasms
  4 giant cockroaches
  2 goblins (D:3)
  7 hobgoblins
  7 jackals
  A quokka (D:2)
  5 ball pythons
  7 bats
  2 frilled lizards
  6 kobolds
  10 rats
68 creatures vanquished.

Notes
Turn   | Place    | Note
-------+----------+-------------------------------------------
     0 | D:1      | qw the Deep Elf Hunter began the quest for the Orb.
     0 | D:1      | Reached XP level 1. HP: 12/12 MP: 3/3
     0 | D:1      | 0 ||| qw: Version: 0.3-a-9-g12657ce
     0 | D:1      | 0 ||| qw: Game counter: 2458
     0 | D:1      | 0 ||| qw: Always use a shield: true
     0 | D:1      | 0 ||| qw: God list: Okawaru
     0 | D:1      | 0 ||| qw: Allow faded altars: false
     0 | D:1      | 0 ||| qw: Do Orc after D:15 true
     0 | D:1      | 0 ||| qw: Do second Lair branch before Depths: true
     0 | D:1      | 0 ||| qw: Lair rune preference: random
     0 | D:1      | 0 ||| qw: Plans: Normal
     0 | D:1      | 0 ||| PLANNING D:1-11
   138 | D:1      | Reached XP level 2. HP: 16/16 MP: 4/4
   149 | D:1      | Reached skill level 6 in Ranged Weapons
   610 | D:1      | 610 ||| UPGRADING to +1 hat.
   615 | D:1      | 615 ||| UPGRADING to +0 cloak.
   620 | D:1      | 620 ||| UPGRADING to +0 ring mail.
   630 | D:1      | 630 ||| DROPPING +0 leather armour.
   631 | D:1      | 631 ||| READING scroll labelled QIBIPOS BELIU.
   632 | D:1      | 632 ||| READING scroll labelled EBLUTI POSMU.
   633 | D:1      | 633 ||| READING scroll labelled SIBBEOG PUFIFO.
   734 | D:1      | 734 ||| READING scroll labelled JYORRU ISTAB.
   735 | D:1      | 735 ||| DROPPING scroll of butterflies.
   788 | D:2      | Reached XP level 3. HP: 16/20 MP: 5/5
   988 | D:2      | Reached skill level 7 in Ranged Weapons
  1201 | D:2      | Reached XP level 4. HP: 25/25 MP: 6/6
  1458 | D:2      | 1458 ||| READING 2 scrolls labelled ROSUES WYOREE.
  1462 | D:2      | 1462 ||| READING 2 scrolls labelled JONIOW OSIE.
  1612 | D:3      | Found a runed translucent door.
  1809 | D:3      | Noticed qw's ghost (amateur NaHu)
  1824 | D:3      | Found a snail-covered altar of Cheibriados.
  2017 | D:3      | 2017 ||| READING scroll labelled EHOJOA AKKISM.
  2018 | D:3      | 2018 ||| DRINKING 2 white potions.
  2019 | D:3      | 2019 ||| READING 2 scrolls of identify.
  2019 | D:3      | 2019 ||| IDENTIFYING emerald potion
  2020 | D:3      | 2020 ||| DROPPING potion of ambrosia.
  2052 | D:4      | Reached skill level 8 in Ranged Weapons
  2059 | D:4      | 2059 ||| FLEEEEING.
  2060 | D:4      | 2060 ||| STAIRDANCE
  2115 | D:4      | 2115 ||| STAIRDANCE
  2119 | D:3      | Reached XP level 5. HP: 19/29 MP: 7/7
  2211 | D:4      | 2211 ||| Stepping ~*~*~tactically~*~*~ (outnumbered).
  2216 | D:4      | 2216 ||| Stepping ~*~*~tactically~*~*~ (outnumbered).
  2219 | D:4      | HP: 6/29 [gnoll/+0 spear[a gnoll bouda] (6)]
  2220 | D:4      | Reached skill level 9 in Ranged Weapons
  2220 | D:4      | 2220 ||| READING scroll of teleportation.
  2220 | D:4      | HP: 1/29 [hound (3)]
  2221 | D:4      | Slain by a hound

Levels and vault maps discovered:
D:1:      dpeg_arrival_tiny_g, layout_basic, hangedman_decor_diamond_cutter
D:2:      layout_loops_ring, nicolae_kite_square_tiling_tiny
D:3:      minmay_wonky_spiral, layout_rooms, mainiacjoe_overflow_cross_hatched,
          ebering_ghost_reflecting_pool, hangedman_abyss_or_decor_stabs
D:4:      layout_cave_pools, zin_statuary, minmay_temple_entry_mini_moons,
          uniq_crazy_yiuf_cottage, uniq_eustachio, uniq_pikel

Skill      XL: |  1  2  3  4  5 |
---------------+----------------+-----
Ranged Weapons | 6 7 8 9 |  9.2
Fighting       | |  1.5
Dodging        | |  2.4
Stealth        | |  1.2

Action                     |  1- 3 |  4- 6 || total
---------------------------+-------+-------++-------
   Fire: Shortbow          |   117 |    79 ||   196
    Use: Scroll            |     4 |     5 ||     9
         Potion            |       |     1 ||     1
 Armour: Leather armour    |     5 |       ||     5
         Ring mail         |     5 |    16 ||    21
  Dodge: Dodged            |    20 |    28 ||    48

Table legend:
 A = Non-vault XP
 B = Vault XP
 C = Vault XP percentage of total XP
 D = Non-vault monster count
 E = Vault monster count
 F = Vault count percentage of total count
                 A         B        C        D         E       F
            +---------+---------+-------+---------+---------+-------
      Total |     291 |      19 |   6.1 |      65 |       3 |   4.4
            +---------+---------+-------+---------+---------+-------
        D:1 |      36 |       0 |   0.0 |      23 |       0 |   0.0
        D:2 |      64 |       0 |   0.0 |      23 |       0 |   0.0
        D:3 |      74 |      19 |  20.4 |      16 |       3 |  15.8
        D:4 |     117 |       0 |   0.0 |       3 |       0 |   0.0
            +---------+---------+-------+---------+---------+-------
